 Dungeon Sprint DCSS version 0.14-a0-1519-gc5e2f7f (webtiles) character file.

946 Psiweapon the Fighter (level 8, -8/51 HPs)
             Began as a Gargoyle Fighter on Dec 16, 2013.
             Was a Follower of Okawaru.
             Mangled by a two-headed ogre
             ... wielding a +0,+0 giant club
              (25 damage)
             ... in the Dungeon (Sprint III: "The Ten Rune Challenge").
             The game lasted 00:06:20 (1431 turns).

Psiweapon the Fighter (Gargoyle Fighter)            Turns: 1431, Time: 00:06:20

HP  -8/51        AC 16     Str 22      XL: 8   Next: 11%
MP   7/8         EV  9     Int  9      God: Okawaru [*.....]
Gold 15          SH 27     Dex  9      Spells:  0 memorised,  7 levels left

rFire  . . .     SeeInvis .     f - +2 elf long sword (holy)
rCold  . . .     Clarity  .     b - +0 scale mail
rNeg   + . .     Conserve .     c - +0 shield
rPois  +         rCorr    .     (no helmet)
rElec  +         rRot     +     (no cloak)
SustAb . .       Spirit   .     (no gloves)
rMut   .         Warding  .     i - +0 pair of boots
Saprov . . .     NoTele   +     (no amulet)
                                (no ring)
                                (no ring)

@: heroism, slightly resistant to hostile enchantments, very unstealthy
A: carnivore 1, frail 1, life protection 1, electricity resistance, unbreathing,
petrification resistance, AC +5
a: Heroism, Renounce Religion


You were in the Dungeon.
You worshipped Okawaru.
Okawaru was aware of your devotion.
You were not hungry.

You visited 1 branch You collected 15 gold pieces.

Inventory:

Hand weapons
 a - a +0,+0 mace
 f - a +2,+2 elven long sword of holy wrath (weapon)
Armour
 b - a +0 scale mail (worn)
 c - a +0 shield (worn)
 i - a +0 pair of boots (worn)
Magical devices
 g - a wand of polymorph (0)
Comestibles
 d - 2 bread rations
 t - a meat ration
Scrolls
 l - 3 scrolls of remove curse
 m - a scroll of blinking
 r - a scroll of torment {unknown}
Potions
 e - 2 potions of curing
 h - 2 potions of magic
 o - 2 potions of cure mutation
 p - 4 potions of flight
Books
 j - a book of Callings

   Spells                             Type                      Level
   Summon Small Mammal                Summoning                    1
   Call Imp                           Summoning                    2
   Call Canine Familiar               Summoning                    3
   Summon Scorpions                   Summoning/Poison             4
   Summon Ice Beast                   Ice/Summoning                4
 k - a book of the Warp

   Spells                             Type                      Level
   Recall                             Summoning/Translocation      3
   Control Teleport                   Charms/Translocation         4
   Phase Shift                        Translocation                5
   Warp Weapon                        Charms/Translocation         5
   Dispersal                          Translocation                6
   Controlled Blink                   Translocation                7
   Disjunction                        Translocation                8
Miscellaneous
 n - a lantern of shadows


   Skills:
 + Level 10.1(15.1) Fighting
 + Level 9.6(14.6) Maces & Flails
 + Level 9.9(14.9) Armour
 - Level 0.1(5.1) Dodging
 + Level 10.1(15.1) Shields


You had 7 spell levels left.
You didn't know any spells.

Dungeon Overview and Level Annotations

Branches:
Dungeon (1/1)

Altars:
Cheibriados
Elyvilon
Fedhas
Kikubaaqudgha
Makhleb
Nemelex Xobeh
Okawaru
Sif Muna
Trog
Vehumet
Xom
Yredelemnul
Zin
the Shining One
Lugonu


Innate Abilities, Weirdness & Mutations

You are resistant to torment.
You are immune to poison.
Your stone body is very resilient (AC +5).
You resist negative energy.
You are resistant to electric shocks.
You can survive without breathing.
You are immune to petrification.
Your digestive system is specialised to digest meat.
You are frail (-10% HP).


Message History

You hit the two-headed ogre.
The two-headed ogre is heavily wounded.
The two-headed ogre hits you with a giant club.
You block the two-headed ogre's attack.
You hit the two-headed ogre.
The two-headed ogre is severely wounded.
You block the two-headed ogre's attack.
Drink which item? (? for menu, Esc to quit)
Okay, then.
You slash the two-headed ogre!
The two-headed ogre is almost dead.
The two-headed ogre barely misses you. You block the two-headed ogre's attack.
You completely miss the two-headed ogre.
The two-headed ogre is almost dead.
You block the two-headed ogre's attack. The two-headed ogre barely misses you.
You completely miss the two-headed ogre.
The two-headed ogre is almost dead.
You block the two-headed ogre's attack.
The two-headed ogre hits you with a giant spiked club!
You die...

.#..###'#'###'##
!#..#..).....).#
#...'.⌠........#
#...#...######'#
....#.⌠.#..#...# #
....#...#_.#...# #.#
....#'###__#...## ..
....#..)#_.#...'##O#
....#___#.v+...#@OO#
▓▓▓▓▓▓▓▓▓▓▓▓▓▓▓▓▓▓▓▓


You could see 3 two-headed ogres.

Vanquished Creatures
  A deep elf priest (D)
  A demigod (D)
  A necrophage (D)
  A water elemental (D)
  A necromancer (D)
  An iguana (D)
  A wizard (D)
  3 humans (D)
  Jessica (D)
  A kobold demonologist (D)
  A giant mite (D)
  A grey rat (D)
  A phantom (D)
  An ooze (D)
16 creatures vanquished.

Vanquished Creatures (others)
  2 draconian scorchers (D)
  2 yaktaurs (D)
  2 fire drakes (D)
  3 plants (D)
9 creatures vanquished.

Grand Total: 25 creatures vanquished

Notes
Turn   | Place    | Note
--------------------------------------------------------------
     0 | D        | Psiweapon, the Gargoyle Fighter, began the quest for the Orb.
     0 | D        | Reached XP level 1. HP: 14/14 MP: 1/1
    79 | D        | Reached skill level 4 in Fighting
    85 | D        | Killed a fire drake
   100 | D        | Reached XP level 2. HP: 16/20 MP: 2/2
   167 | D        | Noticed Jessica
   177 | D        | Killed Jessica
   177 | D        | Reached XP level 3. HP: 15/25 MP: 3/3
   337 | D        | Reached skill level 5 in Fighting
   337 | D        | Reached skill level 5 in Shields
   483 | D        | Killed a yaktaur
   506 | D        | Noticed a water elemental
   516 | D        | Killed a water elemental
   516 | D        | Reached skill level 6 in Fighting
   516 | D        | Reached skill level 5 in Maces & Flails
   516 | D        | Reached skill level 5 in Armour
   516 | D        | Reached XP level 4. HP: 4/32 MP: 4/4
   686 | D        | Killed a white draconian scorcher
   796 | D        | Killed a fire drake
   802 | D        | Found a glowing silver altar of Zin.
   803 | D        | Found a glowing golden altar of the Shining One.
   803 | D        | Found a white marble altar of Elyvilon.
   803 | D        | Noticed a deep elf priest
   813 | D        | Killed a deep elf priest
   813 | D        | Reached skill level 8 in Fighting
   813 | D        | Reached XP level 5. HP: 24/40 MP: 5/5
   813 | D        | Reached XP level 6. HP: 27/45 MP: 6/6
   824 | D        | Found an iron altar of Okawaru.
   824 | D        | Found a bloodstained altar of Trog.
   824 | D        | Noticed a human
   824 | D        | Noticed a human
   850 | D        | Killed a human
   850 | D        | Reached XP level 7. HP: 25/50 MP: 7/7
   857 | D        | Killed a human
   857 | D        | Reached skill level 9 in Fighting
   860 | D        | Became a worshipper of Warmaster Okawaru
   877 | D        | Killed a white draconian scorcher
  1009 | D        | Found a basalt altar of Yredelemnul.
  1009 | D        | Found a snail-covered altar of Cheibriados.
  1009 | D        | Found a blossoming altar of Fedhas.
  1009 | D        | Noticed a necrophage
  1009 | D        | Noticed a necromancer
  1012 | D        | Killed a necromancer
  1023 | D        | Gained mutation: You are frail (-10% HP). [potion of mutation]
  1023 | D        | Gained mutation: Your digestive system is specialised to digest meat. [potion of mutation]
  1039 | D        | Killed a necrophage
  1063 | D        | Found a radiant altar of Vehumet.
  1063 | D        | Found a deep blue altar of Sif Muna.
  1063 | D        | Found an ancient bone altar of Kikubaaqudgha.
  1063 | D        | Noticed a wizard
  1075 | D        | Killed a wizard
  1083 | D        | Noticed a smoke demon
  1087 | D        | Noticed a soul eater
  1167 | D        | Noticed a jelly
  1168 | D        | Noticed a demigod
  1170 | D        | a jelly changed into an iguana
  1184 | D        | Killed a demigod
  1184 | D        | Acquired Okawaru's first power
  1184 | D        | Reached skill level 10 in Fighting
  1184 | D        | Reached skill level 10 in Shields
  1184 | D        | Reached XP level 8. HP: 44/51 MP: 8/8
  1191 | D        | Found a burning altar of Makhleb.
  1191 | D        | Found a shimmering altar of Xom.
  1191 | D        | Noticed a spatial vortex
  1192 | D        | Found a corrupted altar of Lugonu.
  1192 | D        | Found a sparkling altar of Nemelex Xobeh.
  1391 | D        | Killed a yaktaur
  1417 | D        | Noticed a two-headed ogre
  1417 | D        | Noticed a two-headed ogre
  1419 | D        | Noticed a two-headed ogre
  1431 | D        | Mangled by a two-headed ogre

Action                   |  1- 3 |  4- 6 |  7- 9 || total
-------------------------+-------+-------+-------++-------
Melee: Mace              |    59 |    34 |    19 ||   112
       Long sword        |       |       |    40 ||    40
       Unarmed           |       |       |     1 ||     1
Invok: Heroism           |       |       |     1 ||     1
Evoke: Wand              |       |       |     2 ||     2
  Use: Potion            |     2 |     1 |     1 ||     4
       Scroll            |     2 |       |       ||     2
